 Dungeon Crawl Stone Soup version 0.27-a0-732-ga892ba84f6 (webtiles) character file.

Game seed: 9984263221244303229

3 leviel the Magician (level 1, -4/15 HPs)
             Began as a Djinni Venom Mage on Mar 24, 2021.
             Slain by a gnoll
             ... wielding a +0 halberd
              (7 damage)
             ... on level 1 of the Dungeon.
             The game lasted 00:00:38 (203 turns).

leviel the Magician (Djinni Venom Mage)              Turns: 203, Time: 00:00:40

Health: -4/15      AC:  2    Str:  7    XL:     1   Next: 50%
Magic:  0/0        EV: 12    Int: 16    God:
Gold:   0          SH:  0    Dex: 13    Spells: 0/5 levels left

rFire    + + .     SeeInvis .   (no weapon)
rCold    x . .     Faith    .   (no shield)
rNeg     . . .     Spirit   .   a - +0 robe
rPois    ∞         Reflect  .   (no helmet)
rElec    .         Harm     .   (no cloak)
rCorr    .         Rampage  .   (no gloves)
Will     .....                  (boots unavailable)
Stlth    ++........             (no amulet)
HPRegen  0.05/turn              (no ring)
MPRegen  0.00/turn              (no ring)

@: flying
A: fire resistance 2, cold vulnerability 1, float, innate caster, hp casting,
extra vitality 1
a: no special abilities


You were on level 1 of the Dungeon.
You visited 1 branch of the dungeon, and saw 1 of its levels.

Inventory:

Armour
 a - a +0 robe (worn)
Scrolls
 b - a scroll of identify {unknown}
 c - a scroll of blinking {unknown}


   Skills:
 * Level 2.2 Dodging
 + Level 1.5 Stealth
 * Level 2.8 Spellcasting


You couldn't memorise any spells.
You knew the following spells:

 Your Spells              Type           Power      Damage    Failure   Level
a - Sting                 Tmut/Pois      44%        1d5       6%          1
b - Poisonous Vapours     Pois/Air       22%        N/A       9%          2
c - Mephitic Cloud        Conj/Pois/Air  11%        N/A       19%         3
d - Ignite Poison         Fire/Tmut/Pois 11%        N/A       19%         3
e - Olgreb's Toxic Radia  Pois           11%        N/A       52%         4
Your spell library was empty.

Dungeon Overview and Level Annotations

Branches:
Dungeon (1/15)

Altars:


Innate Abilities, Weirdness & Mutations

You are immune to poison.
Your flesh is very heat resistant. (rF++)
You are vulnerable to cold. (rC-)
You float through the air rather than walking.
You learn spells naturally, not from books.
Your magical power is your life essence.
You have superior vitality. (+4 HP)


Message History

As you open the door, it creaks loudly!
A ball python comes into view.
The ball python hisses angrily.
You hear a shout!
A ball python is nearby!
You can't see any susceptible monsters within range! (Use Z to cast anyway.)
There is an open door here.
The sting hits the ball python.
The ball python is poisoned.
The ball python is moderately wounded.
A gnoll comes into view. It is wielding a +0 halberd.
The sting misses the ball python.
The ball python misses you. The ball python grabs you.
The ball python constricts you.
The sting hits the ball python.
The ball python looks even sicker.
You kill the ball python!
The sting hits the gnoll but does no damage.
The gnoll is poisoned.
The gnoll hits you from afar with a +0 halberd!
Ouch! That really hurt!
* * * LOW HITPOINT WARNING * * *
You are too injured to fight recklessly!
The gnoll looks more healthy.
You reach down and open the door.
The gnoll barely misses you.
There is an open door here.
A ball python comes into view.
You reach down and close the door.
A gnoll opens the door.
There is an open door here.
The ball python hisses angrily.
The gnoll closely misses you.
Clearing level map.
The gnoll barely misses you.
There is an open door here.
Casting: Sting (safe; 6% risk of failure)
Confirm with . or Enter, or press ? or * to list all spells.
Aiming: Sting (safe; 6% risk of failure)
Press: ? - help, Shift-Dir - straight line, f/p - gnoll
Aim: a gnoll, wielding a +0 halberd (heavily wounded, 25% to evade)
The sting hits the gnoll.
The gnoll is poisoned.
The gnoll is almost dead.
* * * LOW HITPOINT WARNING * * *
The gnoll hits you with a +0 halberd!
You die...

#.# ## ### ##.## #.
..# ..... #. #.# .S.
#.###.## #.# ...
.....# #.# #.#
#..###.### #.#
#........# #.#
##.#####.. ##@##
##.######.
##.g.######.........
##...................
##.......####.....♣...
#.........###.........
+.........'.......♣...
#.........##..........
##.......###......♣...
##......# #..........


You could see a gnoll (poisoned) and a ball python.

Vanquished Creatures
  3 ball pythons (D:1)
  A rat (D:1)
4 creatures vanquished.

Notes
Turn   | Place    | Note
-------+----------+-------------------------------------------
     0 | D:1      | leviel the Djinni Venom Mage began the quest for the Orb.
     0 | D:1      | Reached XP level 1. HP: 15/15 MP: 0/0
   203 | D:1      | Slain by a gnoll

Illustrated notes

Levels and vault maps discovered:
D:1:      wander_arrival_estate, layout_loops_corners

Action                   || total
-------------------------++-------
Melee: Unarmed           ||     2
 Cast: Sting             ||     9
Dodge: Dodged            ||     8

Table legend: (Time is in decaauts)
 A = Elapsed time spent in this place.
 B = Non-inter-level travel time spent in this place.
 C = Inter-level travel time spent in this place.
 D = Time resting spent in this place.
 E = Time spent auto-exploring this place.
 F = Levels seen in this place.
 G = Mean time per level.
                   A        B        C        D        E       F      G
               +--------+--------+--------+--------+--------+-----+--------+
         Total |    203 |    203 |      0 |      0 |    164 |   1 |  203.0 |
       Dungeon |    203 |    203 |      0 |      0 |    164 |   1 |  203.0 |
               +--------+--------+--------+--------+--------+-----+--------+

Top non-repeatable levels by time:
     D:1: 203 daAuts
